 Dungeon Crawl Stone Soup version 0.31-a0-232-gb1c03b2570 (webtiles) character file.

Game seed: 13957824061671895328

1 qw the Shooter (level 1, -2/16 HPs)
             Began as a Minotaur Hexslinger on July 7, 2023.
             Slain by a kobold
             ... wielding a +0 short sword
              (3 damage)
             ... on level 1 of the Dungeon.
             The game lasted 00:00:01 (36 turns).

qw the Shooter (Minotaur Hexslinger)                  Turns: 36, Time: 00:00:01

Health: -2/16      AC:  2    Str: 12    XL:     1   Next: 16%
Magic:  1/1        EV: 12    Int: 10    God:
Gold:   0          SH:  0    Dex: 12    Spells: 1/2 levels left

rFire   . . .        a - +1 sling
rCold   . . .        (no shield)
rNeg    . . .        c - +0 robe
rPois   .            (helmet restricted)
rElec   .            (no cloak)
rCorr   .            (no gloves)
SInv    .            (no boots)
Will    .....        (no amulet)
Stlth   +            (no ring)
HPRegen 0.22/turn    (no ring)
MPRegen 0.07/turn

%: no passive effects
@: no status effects
A: horns 2, retaliatory headbutt
a: no special abilities


You were on level 1 of the Dungeon.
You visited 1 branch of the dungeon, and saw 1 of its levels.


Innate Abilities, Weirdness & Mutations

You have a pair of horns on your head.
You reflexively headbutt those who attack you in melee.


   Skills:
 - Level 1.2 Fighting
 + Level 2.3 Ranged Weapons
 - Level 2.1 Dodging
 - Level 1.0 Spellcasting
 - Level 2.0 Hexes


You had one spell level left.
You knew the following spells:

 Your Spells              Type           Power      Damage    Failure   Level
a - Slow                  Hex            16%        N/A       16%         1

Your spell library contained the following spells:

 Spells                   Type           Power      Damage    Failure   Level
 Inner Flame              Hex/Fire       2%         N/A       56%         3
 Portal Projectile        Hex/Tloc       4%         N/A       56%         3
 Cause Fear               Hex            2%         N/A       83%         4

Inventory:

Hand Weapons
 a - a +1 sling (weapon)
Armour
 c - a +0 robe (worn)
Scrolls
 b - a scroll of poison
 d - a scroll of revelation {unknown}

Dungeon Overview and Level Annotations

Branches:
Dungeon (1/15)

Altars:


Message History

The sling bullet closely misses the giant cockroach.
The giant cockroach barely misses you.
You shoot a sling bullet.
The sling bullet barely misses the giant cockroach.
The giant cockroach misses you.
A goblin comes into view. It is wielding a +0 dagger.
A goblin comes into view. It is wielding a +0 club.
The giant cockroach bites you.
The giant cockroach bites you but does no damage.
You shoot a sling bullet. The goblin shouts!
The sling bullet hits the giant cockroach!
You kill the giant cockroach!
The giant cockroach bites you.
A giant cockroach comes into view.
The goblin misses you.
You shoot a sling bullet.
The sling bullet barely misses the goblin.
The giant cockroach barely misses you. The kobold closely misses you.
The goblin hits you with a +0 club. The giant cockroach misses you.
You shoot a sling bullet.
The sling bullet closely misses the goblin.
The kobold hits you with a +0 short sword.
The goblin barely misses you.
The giant cockroach bites you but does no damage.
You shoot a sling bullet.
The sling bullet closely misses the goblin.
The giant cockroach bites you but does no damage.
The kobold hits you with a +0 short sword.
The goblin closely misses you. The giant cockroach bites you.
The kobold hits you but does no damage. The goblin hits you with a +0 club.
You shoot a sling bullet.
The sling bullet barely misses the goblin.
The giant cockroach bites you. The kobold misses you.
The goblin hits you with a +0 club.
You shoot a sling bullet.
The sling bullet closely misses the goblin.
The giant cockroach bites you but does no damage.
The kobold hits you with a +0 short sword.
You die... #. .##+## ..... .## #.... ..## #... ~..# #.g### .~.# #KBgB#

.~.### #.@# .~...#
###..# .~.~.####
#....## .~..~...##
##.##..#
.....~~..###..##.##
~~~....~..##.###.#
...~~~~..........#
...........####.....
############ #.....


You could see 2 giant cockroaches, 2 goblins and a kobold.

Vanquished Creatures
  A giant cockroach (D:1)
1 creature vanquished.

Notes
Turn   | Place    | Note
-------+----------+-------------------------------------------
     0 | D:1      | qw the Minotaur Hexslinger began the quest for the Orb.
     0 | D:1      | Reached XP level 1. HP: 16/16 MP: 1/1
     0 | D:1      | 0 ||| qw: Version: 0.3-a-46-gb1f654a
     0 | D:1      | 0 ||| qw: Game counter: 2567
     0 | D:1      | 0 ||| qw: Melee chars always use a shield: true
     0 | D:1      | 0 ||| qw: God list: Okawaru
     0 | D:1      | 0 ||| qw: Allow faded altars: false
     0 | D:1      | 0 ||| qw: Do Orc after clearing Dungeon:15 true
     0 | D:1      | 0 ||| qw: Do second Lair branch before Depths: true
     0 | D:1      | 0 ||| qw: Lair rune preference: random
     0 | D:1      | 0 ||| qw: Goals: Normal
     0 | D:1      | 0 ||| PLANNING D:1-11
    34 | D:1      | HP: 4/16 [goblin/+0 club (1)]
    35 | D:1      | HP: 1/16 [goblin/+0 club (2)]
    36 | D:1      | Slain by a kobold

Levels and vault maps discovered:
D:1:      ebering_trefoil_3fold, layout_basic, dk_noncrumbling_4,
          glass_columns_c, nicolae_eternal_life, chequers_serial_rivers_micro_e,
          minmay_indecisive_spiral

Action                     || total
---------------------------++-------
   Fire: Sling             ||     9
 Armour: Robe              ||     5
  Dodge: Dodged            ||     9

Table legend:
 A = Non-vault XP
 B = Vault XP
 C = Vault XP percentage of total XP
 D = Non-vault monster count
 E = Vault monster count
 F = Vault count percentage of total count
                 A         B        C        D         E       F
            +---------+---------+-------+---------+---------+-------
      Total |       2 |       0 |   0.0 |       1 |       0 |   0.0
            +---------+---------+-------+---------+---------+-------
        D:1 |       2 |       0 |   0.0 |       1 |       0 |   0.0
            +---------+---------+-------+---------+---------+-------
